 Dungeon Crawl Stone Soup version 0.30-a0-359-gd0147acb1a (webtiles) character file.

Game seed: 1679750401014021743

3542 lunkers the Basher (level 9, -1/71 HPs)
             Began as an Armataur Warper on Nov 13, 2022.
             Was an Elder of Lugonu.
             Slain by a wyvern (8 damage)
             ... on level 9 of the Dungeon.
             The game lasted 00:12:10 (8510 turns).

lunkers the Basher (Armataur Warper)                Turns: 8510, Time: 00:12:10

Health: -1/71      AC: 19    Str: 20    XL:     9   Next: 82%
Magic:  14/14      EV:  7    Int: 15    God:    Lugonu [****..]
Gold:   204        SH:  2    Dex:  9    Spells: 11/11 levels left

rFire   + + .      SeeInvis .    M - +1 broad axe (vorpal)
rCold   + . .      Faith    .    F - +0 buckler
rNeg    . . .      Spirit   .    w - +3 leather armour {Will+}
rPois   .          Reflect  .    z - +2 helmet {rF+}
rElec   .          Harm     .    (no cloak)
rCorr   .          Roll     +    g - +0 pair of gloves
Will    +....                    E - +0 barding {rF+}
Stlth   +.........               (no amulet)
HPRegen 0.31/turn                A - ring of protection from cold
MPRegen 0.14/turn                l - +4 ring of protection

@: no status effects
A: large, rugged brown scales 3, deformed body, armoured tail, roll, long
tongue, awkward tongue
a: Renounce Religion, Depart the Abyss, Banish, Corrupt


You were on level 9 of the Dungeon.
You worshipped Lugonu.
Lugonu was greatly pleased with you.
You visited 1 branch of the dungeon, and saw 9 of its levels.

You collected 419 gold pieces.
You spent 215 gold pieces at shops.

Inventory:

Hand Weapons
 a - a +5 flail
 b - the +3 flail of Beogh's Brutal Revenge {venom, *Rage rPois rN+++ Int+2}
   (You found it on level 5 of the Dungeon)

   It poisons the flesh of those it strikes.
   Int:       It affects your intelligence (+2).
   rPois:     It protects you from poison.
   rN:        It renders you almost immune to negative energy.
   *Rage:     It berserks you when you make melee attacks (+20% chance).
 f - a +4 dagger
 r - a +0 mace
 s - a +1 mace of protection
 D - a +1 dagger of electrocution
 M - a +1 vorpal broad axe (weapon)
Missiles
 d - 7 boomerangs of dispersal
 K - 4 boomerangs
Armour
 g - a +0 pair of gloves (worn)
 t - a +1 leather armour of positive energy
 w - a +3 leather armour of willpower (worn)
 z - a +2 helmet of fire resistance (worn)
 E - a +0 barding of fire resistance (worn)
 F - a +0 buckler (worn)
Jewellery
 k - a ring of flight
 l - a +4 ring of protection (right hand)
 x - an amulet of faith
 A - a ring of protection from cold (left hand)
 I - a +6 ring of strength
Wands
 h - a wand of flame (5)
 v - a wand of roots (13)
 B - a wand of paralysis (10)
 O - a wand of mindburst (3)
Scrolls
 c - 2 scrolls of blinking
 y - a scroll of butterflies
 C - a scroll of immolation
 H - 4 scrolls of identify
 J - a scroll of enchant armour {unknown}
 L - 2 scrolls of enchant weapon
 N - a scroll of fear {unknown}
Potions
 e - a potion of lignification {unknown}
 i - a potion of might {unknown}
 j - a potion of resistance {unknown}
 m - 2 potions of heal wounds
 n - 5 potions of curing
 o - 4 potions of attraction {unknown}
 p - 3 potions of flight {unknown}
 q - a potion of brilliance
 u - a potion of mutation {unknown}
 G - a potion of cancellation {unknown}


   Skills:
 - Level 1.7 Fighting
 - Level 5.5 Short Blades
 + Level 2.6(6.0) Axes
 - Level 9.3(9.5) Maces & Flails
 - Level 0.8 Throwing
 - Level 1.2 Armour
 - Level 1.3 Dodging
 - Level 1.7 Spellcasting
 - Level 3.0 Translocations
 - Level 7.0 Invocations


You had 11 spell levels left.
You didn't know any spells.
Your spell library contained the following spells:

 Spells                   Type           Power      Damage    Failure   Level
 Blink                    Tloc           20%        N/A       16%         2
 Momentum Strike          Conj/Tloc      10%        3d8       28%         2
 Lesser Beckoning         Tloc           20%        N/A       30%         3
 Teleport Other           Tloc           10%        N/A       30%         3
 Foxfire                  Conj/Fire      4%         2x1d4     34%         1
 Shock                    Conj/Air       4%         1d3       34%         1
 Scorch                   Fire           2%         2d5       45%         2
 Portal Projectile        Hex/Tloc       10%        N/A       50%         3
 Vhi's Electric Charge    Tloc/Air       10%        N/A       50%         3
 Kindle Blastsparks       Fire/Tloc/Air  8%         2d10      56%         3
 Manifold Assault         Tloc           10%        N/A       69%         4
 Swiftness                Air            1%         N/A       71%         3
 Tukima's Dance           Hex            1%         N/A       71%         3
 Iskenderun's Mystic Bla  Conj/Tloc      5%         2d3       88%         4
 Airstrike                Air            0%         2d(1-17)  98%         4
 Cause Fear               Hex            0%         N/A       98%         4
 Flame Wave               Conj/Fire      1%         2d4       98%         4
 Fulminant Prism          Conj/Hex       0%         3d5       98%         4
 Blade Hands              Tmut           0%         N/A       100%        5
 Fireball                 Conj/Fire      0%         3d3       100%        5
 Lee's Rapid Deconstruct  Erth           0%         3d4*      100%        5
 Conjure Ball Lightning   Conj/Air       0%         3x3d6     100%        6
 Starburst                Conj/Fire      0%         6d3       100%        6
 Summon Cactus Giant      Summ           0%         N/A       100%        6
 Dragon Form              Tmut           0%         N/A       100%        7
 Discord                  Hex            0%         N/A       100%        8
 Disjunction              Tloc           5%         N/A       100%        8
 Dragon's Call            Summ           0%         N/A       100%        9


Dungeon Overview and Level Annotations

Branches:
Dungeon (9/15)             Temple (0/1) D:4
   Lair: D:8-11         Orc: D:9-12

Altars:
Fedhas
Sif Muna
Uskayaw
Yredelemnul
Zin
Lugonu

Shops:
D:5 *   D:6 *

Annotations:
D:8 corrupted
Abyss:1 Sigmund


Innate Abilities, Weirdness & Mutations

You are completely covered in rugged brown scales. (AC +3, +7% HP)
Armour fits poorly on your strangely shaped body.
You have a long armoured tail.
You roll when moving toward enemies. (Rampage)
Your long tongue fully drains potion bottles. (2x potion effects)
Your tongue gives you trouble enunciating. (1.5x scroll delay)


Message History

The yak barely misses you. The yak gores you but does no damage.
You slash the yak!
The yak is almost dead.
You hit the yak. You barely miss the wyvern. You hit the yak.
The wyvern barely misses you. The yak gores you but does no damage.
The yak gores you!
* * * LOW HITPOINT WARNING * * *
The yak gores you but does no damage. The wyvern bites you!
* * * LOW HITPOINT WARNING * * *
You hit the yak.
The yak is almost dead.
You closely miss the yak. You slash the yak! You barely miss the wyvern.
You block the wyvern's attack. The yak gores you.
* * * LOW HITPOINT WARNING * * *
The yak gores you but does no damage. x2
The wyvern bites you but does no damage.
You hit the yak.
You kill the yak!
Lugonu accepts your kill.
You barely miss the wyvern. You barely miss the yak.
You hit the yak but do no damage. The wyvern bites you.
* * * LOW HITPOINT WARNING * * *
The yak barely misses you. x2
The wyvern bites you but does no damage.
The yak gores you but does no damage. The yak gores you!
* * * LOW HITPOINT WARNING * * *
Your base Axes skill increases to level 2!
You hit the yak but do no damage. You tail-slap the yak.
The yak is almost dead.
You slash the wyvern! You barely miss the yak.
The wyvern bites you but does no damage.
The yak gores you but does no damage. x2; The wyvern bites you.
* * * LOW HITPOINT WARNING * * *
Unknown command.
You slash the yak!
You kill the yak!
Lugonu accepts your kill.
You slash the wyvern! You slash the yak! The wyvern closely misses you.
The yak barely misses you. The wyvern bites you!
You die...

#...........#............
#...........#.#..........
####......)#......###....
#..............# ....
#............
#............
#............
#####........
#..Y@.......
#......†l...###
#.......#.....#
#.......+.....#
#.......#.....#
#.......##..... #........
..... ##....... ....


You could see a yak and a wyvern.

Vanquished Creatures
  2 yaks (D:9)
  Duvessa (D:4)
  A water moccasin (D:6)
  4 ice beasts
  2 orc warriors
  A sky beast (D:6)
  2 black bears
  3 centaurs
  2 ogres
  A phantom (D:6)
  A kobold brigand (D:7)
  2 bullfrogs
  A necrophage (D:7)
  2 scorpions (D:7)
  A water moccasin zombie (D:4)
  Dowan (D:4)
  2 howler monkeys
  3 hounds
  8 orc priests
  2 jellies
  Jessica (D:2)
  Terence (D:2)
  3 iguanas
  8 orc wizards
  Natasha (thrice) (D:2)
  A howler monkey zombie (D:4)
  7 adders
  8 gnolls
  2 ufetubi
  A worm (D:3)
  A dart slug (D:3)
  27 orcs
  4 ball pythons
  7 endoplasms
  2 giant cockroaches
  5 hobgoblins
  2 jackals (D:2)
  11 kobolds
  2 quokkas
  5 bats
  5 frilled lizards
  10 goblins
  2 rats
160 creatures vanquished.

Vanquished Creatures (others)
  6 yaks (D:8)
  An orc warrior (D:8)
  A kobold brigand (D:8)
  2 orc priests (D:8)
  6 orcs (D:8)
  4 kobolds (D:8)
  3 plants (D:4)
  3 starspawn tentacles (D:8)
26 creatures vanquished.

Grand Total: 186 creatures vanquished

Notes
Turn   | Place    | Note
-------+----------+-------------------------------------------
     0 | D:1      | lunkers the Armataur Warper began the quest for the Orb.
     0 | D:1      | Reached XP level 1. HP: 18/18 MP: 3/3
    30 | D:1      | Reached skill level 2 in Maces & Flails
   124 | D:1      | Reached XP level 2. HP: 25/25 MP: 4/4
   172 | D:1      | Found a faded altar of an unknown god.
   294 | D:1      | Prayed at the altar of an unknown god.
   294 | D:1      | Became a worshipper of Lugonu the Unformed
   294 | D:1      | Reached * piety under Lugonu
   294 | D:1      | Reached ** piety under Lugonu
   400 | D:1      | Reached skill level 1 in Short Blades
   400 | D:1      | Reached XP level 3. HP: 20/31 MP: 5/5
  1145 | D:2      | Noticed Sigmund
  1148 | D:2      | Banished Sigmund
  1149 | D:2      | Reached XP level 4. HP: 36/38 MP: 1/7
  1149 | D:2      | Reached XP level 5. HP: 41/43 MP: 1/8
  1244 | D:2      | Noticed Jessica
  1248 | D:2      | Killed Jessica
  1273 | D:2      | Noticed Terence
  1280 | D:2      | Killed Terence
  1360 | D:2      | Noticed Natasha
  1372 | D:2      | Killed Natasha
  1373 | D:2      | Reached XP level 6. HP: 49/51 MP: 9/9
  1401 | D:2      | Noticed Natasha
  1411 | D:2      | Killed Natasha
  1639 | D:2      | Noticed Natasha
  1659 | D:2      | Killed Natasha
  1983 | D:3      | Reached *** piety under Lugonu
  2210 | D:3      | Reached skill level 5 in Invocations
  3334 | D:4      | Noticed Dowan
  3335 | D:4      | Noticed Duvessa
  3352 | D:4      | HP: 2/51 [Duvessa/+0 short sword (5)]
  3364 | D:4      | Killed Duvessa
  3365 | D:4      | Reached XP level 7. HP: 18/56 MP: 3/11
  3375 | D:4      | Killed Dowan
  3552 | D:4      | Found a shimmering blue altar of Sif Muna.
  3745 | D:4      | Found a basalt altar of Yredelemnul.
  3764 | D:4      | Found a staircase to the Ecumenical Temple.
  3867 | D:5      | Entered Level 5 of the Dungeon
  3936 | D:5      | Found a blossoming altar of Fedhas.
  3960 | D:5      | Reached skill level 5 in Short Blades
  4026 | D:5      | You are sucked into a shaft and drop 3 floors!
  4045 | D:7      | Reached XP level 8. HP: 6/64 MP: 7/12
  4300 | D:7      | Reached skill level 3 in Maces & Flails
  4834 | D:6      | Reached skill level 4 in Maces & Flails
  5001 | D:5      | Found Canuddup's Fire Supplies.
  5007 | D:5      | Bought a +2 helmet of fire resistance for 215 gold pieces
  5214 | D:5      | Reached skill level 5 in Maces & Flails
  5309 | D:5      | Identified the +3 flail of Beogh's Brutal Revenge {venom,
                  | *Rage rPois rN+++ Int+2}
  5493 | D:5      | Reached **** piety under Lugonu
  5518 | D:5      | Reached skill level 6 in Maces & Flails
  5519 | D:5      | HP: 3/64 [gnoll/+0 spear (3)]
  5521 | D:5      | HP: 1/64 [gnoll/+0 spear (2)]
  6028 | D:6      | Reached XP level 9. HP: 45/71 MP: 14/14
  6333 | D:6      | Reached skill level 7 in Maces & Flails
  6614 | D:6      | Found Konecly's Assorted Antiques.
  6623 | D:6      | Identified a scroll of acquirement
  6623 | D:6      | Acquired a +0 barding of fire resistance
  6983 | D:7      | Reached skill level 8 in Maces & Flails
  7629 | D:7      | Reached ***** piety under Lugonu
  7761 | D:8      | Reached skill level 9 in Maces & Flails
  7824 | D:8      | Found a hide-covered altar of Uskayaw.
  7838 | D:8      | Corrupted D:8
  7838 | D:8      | Noticed a rust devil
  7838 | D:8      | Noticed a thrashing horror
  7838 | D:8      | Noticed a starcursed mass
  7838 | D:8      | Noticed a thrashing horror
  7839 | D:8      | Noticed a smoke demon
  7840 | D:8      | Noticed a green death
  8225 | D:8      | Found a glowing silver altar of Zin.
  8426 | D:9      | Reached skill level 1 in Axes
  8510 | D:9      | Slain by a wyvern

Illustrated notes

Levels and vault maps discovered:
D:1:      wheals_arrival_shading, layout_basic, shapermc_ecumenical_altar_petra
D:2:      layout_basic, uniq_jessica, uniq_natasha, uniq_sigmund, uniq_terence
D:3:      layout_basic
D:4:      layout_basic, lemuel_zombie_altar_yredelemnul,
          nicolae_sif_muna_little_library, minmay_temple_entry_gardened_gates,
          uniq_duvessa
D:5:      layout_cave_pods, lemuel_round_altar, nicolae_shop_fire_sale
          [nicolae_sub_dead_trees], hangedman_decor_lopped
D:6:      layout_basic, serial_shops, shop
D:7:      layout_cave_pods
D:8:      layout_rooms, lemuel_doored_altar, zin_academy
D:9:      layout_basic, erik_orc_2, serial_glass, glass_columns_a,
          glass_columns_a, glass_columns_c, glass_columns_a, glass_columns_a,
          glass_columns_b, glass_columns_c, glass_columns_a, glass_columns_a,
          glass_columns_b

Skill      XL: |  1  2  3  4  5  6  7  8  9 |
---------------+----------------------------+-----
Maces & Flails | 2 6 9 |  9.3
Short Blades   | 1 2 4 5 |  5.5
Invocations    | 4 5 6 7 |  7.0
Axes           | 2 |  2.6
Fighting       | |  1.7
Throwing       | |  0.8
Armour         | |  1.2
Dodging        | |  1.3
Spellcasting   | |  1.7
Translocations | |  3.0

Action                   |  1- 3 |  4- 6 |  7- 9 || total
-------------------------+-------+-------+-------++-------
Melee: Mace              |    31 |       |       ||    31
       Tailslap          |    17 |    27 |    46 ||    90
       Dagger            |    74 |   214 |   140 ||   428
       Punch             |     1 |     1 |     2 ||     4
       Flail             |       |       |   292 ||   292
       Broad axe         |       |       |    20 ||    20
Invok: Banish            |     1 |     2 |     1 ||     4
       Corrupt           |       |       |     1 ||     1
Evoke: Wand              |       |    12 |     7 ||    19
  Use: Scroll            |       |     7 |     5 ||    12
       Potion            |       |     2 |     1 ||     3
Armor: Leather armour    |    42 |    92 |   407 ||   541
Dodge: Dodged            |    41 |    97 |   188 ||   326
Block: Buckler           |       |       |    20 ||    20

Table legend: (Time is in decaauts)
 A = Elapsed time spent in this place.
 B = Non-inter-level travel time spent in this place.
 C = Inter-level travel time spent in this place.
 D = Time resting spent in this place.
 E = Time spent auto-exploring this place.
 F = Levels seen in this place.
 G = Mean time per level.
                   A        B        C        D        E       F      G
               +--------+--------+--------+--------+--------+-----+--------+
         Total |   8527 |   8212 |    315 |    598 |   6164 |   9 |  947.4 |
       Dungeon |   8527 |   8212 |    315 |    598 |   6164 |   9 |  947.4 |
               +--------+--------+--------+--------+--------+-----+--------+

Top non-repeatable levels by time:
     D:6: 1557 daAuts
     D:7: 1359 daAuts
     D:2: 1098 daAuts
     D:1: 1032 daAuts
     D:3: 1004 daAuts
     D:5: 981 daAuts
     D:4: 723 daAuts
     D:8: 644 daAuts
     D:9: 126 daAuts
